 Dungeon Crawl Stone Soup version 0.21.0-22-g11d5b52 (webtiles) character file.

580886 Firecrotchwizard the Slayer (level 27, -4/313 HPs)
             Began as a Gargoyle Berserker on Jan 19, 2018.
             Was the Champion of Trog.
             Slain by Tiamat
             ... wielding a +1 demon trident of electrocution
              (20 damage)
             ... on level 3 of the Realm of Zot.
             The game lasted 02:50:02 (55700 turns).

Firecrotchwizard the Slayer (Gargoyle Berserker)   Turns: 55700, Time: 02:50:02

Health: -4/313     AC: 68    Str: 33    XL:     27
Magic:  0/30       EV: 26    Int: 10    God:    Trog [******]
Gold:   4237       SH:  0    Dex: 18    Spells: 26/26 levels left

rFire    + + +     SeeInvis +   a - +8 great mace of Pyxt {speed, Int+2 SInv}
rCold    + . .     Gourm    .   (shield currently unavailable)
rNeg     + + .     Faith    .   j - +6 gold dragon scales
rPois    ∞         Spirit   +   r - +2 helmet
rElec    +         Reflect  .   N - +2 cloak {rF+}
rCorr    .         Harm     .   i - +2 pair of gloves
MR       ++...     Rnd*Rage +   z - +2 pair of boots Stlth ..........NoTele +
                                F - amulet of guardian spirit {Spirit}
HPRegen  0.62/turn              V - ring "Degoxiunn" {-Tele rN+ Str+7 Slay+3}
MPRegen  0.22/turn              X - +6 ring of evasion

@: berserking, flying, very quick
A: big wings, berserk 1, dopey 1, fire resistance 1, negative energy resistance
1, robust 1, screaming 1, electricity resistance, weak 1, unbreathing,
petrification resistance, rot immunity, MP-powered wands, AC +20
}: 3/15 runes: decaying, serpentine, silver
a: Stop Flying, Berserk, Trog's Hand, Brothers in Arms, Burn Spellbooks,
Renounce Religion


You were on level 3 of the Realm of Zot.
You worshipped Trog.
Trog was exalted by your worship.
You were near starving.

You visited 8 branches of the dungeon, and saw 44 of its levels.
You visited the Abyss 2 times.
You also visited: Ossuary and Volcano.

You collected 6122 gold pieces.
You spent 1885 gold pieces at shops.

Inventory:

Hand Weapons
 a - the +8 great mace of Pyxt (weapon) {speed, Int+2 SInv}
   (You bought it in a shop on level 6 of the Dungeon)

   Attacks with this weapon are significantly faster.
   It affects your intelligence (+2).
   It lets you see invisible.
 o - a +9 demon whip of freezing
   (Trog gifted it to you on level 2 of the Snake Pit)
 q - the +9 great mace of Fallacy {drain, rElec rC++ Dex-2 Stlth+}
   (Trog gifted it to you on level 4 of the Vaults)

   A truly terrible weapon, it drains the life of those it strikes.
   It affects your dexterity (-2).
   It greatly protects you from cold.
   It insulates you from electricity.
   It makes you more stealthy.
 K - a +4 blowgun
   (You found it on level 3 of the Lair of Beasts)
Missiles
 u - 6 throwing nets {=f, !d}
 y - 7 curare-tipped needles
Armour
 i - a +2 pair of gloves (worn)
   (You found it on level 3 of the Dungeon)
 j - +6 gold dragon scales (worn)
   (You found it on level 1 of the Realm of Zot)
 r - a +2 helmet (worn)
   (You found it on level 3 of the Dungeon)
 z - a +2 pair of boots (worn)
   (You found it on level 7 of the Dungeon)
 B - a +1 cloak
   (You found it on level 3 of the Realm of Zot)
 N - a +2 cloak of fire resistance (worn)
   (You found it in a volcano)
 U - the +0 faerie dragon scales {*Corrode rCorr Str+2 Dex+5 Slay+2}
   (You took it off the Enchantress on level 1 of the Depths)

   It affects your strength (+2).
   It affects your dexterity (+5).
   It affects your accuracy and damage with ranged weapons and melee attacks
   (+2).
   It protects you from acid and corrosion.
   It may corrode you when you take damage.
Jewellery
 F - an amulet of guardian spirit (around neck) {Spirit}
   (You took it off an orc on level 6 of the Dungeon)
 G - an uncursed ring of protection from fire {rF+, !d}
   (You found it on level 2 of the Swamp)
 V - the ring "Degoxiunn" (left hand) {-Tele rN+ Str+7 Slay+3}
   (You acquired it on level 3 of the Vaults)

   [ring of positive energy]

   It affects your strength (+7).
   It affects your accuracy and damage with ranged weapons and melee attacks
   (+3).
   It protects you from negative energy.
   It prevents most forms of teleportation.
 X - a +6 ring of evasion (right hand)
   (You bought it in a shop on level 2 of the Orcish Mines)
Wands
 m - a wand of iceblast (81)
   (You took it off an orc priest on level 3 of the Dungeon)
 p - a wand of disintegration (58) {@e1}
   (You found it on level 1 of the Lair of Beasts)
 w - a wand of scattershot (3)
   (You took it off Ijyb on level 4 of the Dungeon)
 H - a wand of acid (56)
   (You found it in a volcano)
 Y - a wand of digging (52)
   (You found it on level 1 of the Snake Pit)
Scrolls
 d - 6 scrolls of identify
 h - 5 scrolls of summoning
 s - 22 scrolls of teleportation
 t - 21 scrolls of remove curse
 x - 7 scrolls of fog
 C - 9 scrolls of enchant weapon
 E - 3 scrolls of silence
 Q - 4 scrolls of holy word {!r}
 T - 8 scrolls of magic mapping {!r}
 Z - 3 scrolls of fear
Potions
 g - 17 potions of curing
 k - 5 potions of invisibility
 l - 5 potions of agility
 n - 8 potions of might
 v - 2 potions of mutation {!q}
 A - 3 potions of heal wounds
 I - 5 potions of resistance
 M - 3 potions of cancellation
 S - 2 potions of haste
Miscellaneous
 b - a phial of floods
   (You found it on level 2 of the Depths)
 e - a box of beasts
 f - a fan of gales
   (You found it on level 1 of the Vaults)
 J - a phial of floods
   (You found it on level 2 of the Realm of Zot)
 O - 3 sacks of spiders
 R - 3 phantom mirrors
Comestibles
 c - 59 rations {@e1}
 L - 7 chunks of flesh {@w0}


   Skills:
 + Level 24.2 Fighting
 - Level 20.0 Maces & Flails
 + Level 23.8 Armour
 + Level 19.3 Dodging
 - Level 10.0 Evocations


You had 26 spell levels left.
You didn't know any spells.

Dungeon Overview and Level Annotations

Branches:
Dungeon (15/15)            Temple (0/1) D:6            Lair (6/6) D:9
  Swamp (4/4) Lair:2        Snake (4/4) Lair:4        Slime (0/5) Lair:6
    Orc (2/2) D:9             Elf (0/3) Orc:2        Vaults (5/5) D:13
  Crypt (0/3) Vaults:3     Depths (5/5) D:15            Zot (3/5) Depths:5

Altars:
Cheibriados
Dithmenos
Elyvilon
Gozag
Hepliaklqana
Makhleb
Nemelex Xobeh
Okawaru
Qazlal
Sif Muna
Vehumet
Yredelemnul
The Shining One
Beogh
Jiyva

Shops:
D:5 %   D:6 (   D:14 *   Orc:2 (!=(   Vaults:1 =   Vaults:2 (   Vaults:3 (
Vaults:4 %   Vaults:5 }   Depths:2 *   Depths:5 *

Portals:
Hell: Depths:1 Depths:2 Depths:3 Depths:4 Depths:5
Abyss: Depths:4
Pandemonium: Depths:3
Ziggurat: Depths:2

Annotations:
Swamp:4 Lernaean hydra
Depths:2 exclusion: floating eye
Zot:3 Tiamat


Innate Abilities, Weirdness & Mutations

You are resistant to torment.
Your stone body is resilient. (AC +20)
You are immune to poison.
Your large and strong wings let you fly indefinitely.
You resist negative energy. (rN+)
You are resistant to electric shocks. (rElec)
You can survive without breathing.
You are immune to petrification.
You are immune to rotting.
You tend to lose your temper in combat.
You are dopey. (Int -2)
Your flesh is heat resistant. (rF+)
You are robust. (+10% HP)
You occasionally shout uncontrollably at your foes.
You are weak. (Str -2)
You expend magic power (3 MP) to strengthen your wands.


Message History

The white draconian shifter hits you but does no damage.
You bludgeon the white draconian shifter!!
You completely miss the white draconian shifter.
The white draconian shifter blinks!
Tiamat hits you with a demon trident of electrocution!
Tiamat tail-slaps you but does no damage. x2
You take 15 damage, and have 125/209 hp.
You now have 15/30 mp.
You hit Tiamat but do no damage. You thump Tiamat!
The white draconian shifter blinks!
Tiamat breathes poison at you. The blast of poison engulfs you! You resist.
You sock Tiamat! You hit Tiamat but do no damage.
You hit Tiamat but do no damage.
Tiamat hits you with a demon trident of electrocution!
Tiamat barely misses you.
A moth of wrath comes into view.
You take 14 damage, and have 112/209 hp.
You now have 14/30 mp.
The moth of wrath's fur bristles in rage as it notices you.
You hammer Tiamat like a gong!!! You sock Tiamat!
Tiamat breathes flames at you. The searing blast hits you! You resist.
You take 2 damage, and have 110/209 hp.
You pound Tiamat like an anvil!!! You closely miss Tiamat.
You bludgeon Tiamat!! Tiamat hits you but does no damage. Tiamat misses you.
You closely miss Tiamat. You hit Tiamat but do no damage.
Tiamat hits you but does no damage. Tiamat closely misses you.
You closely miss Tiamat. You barely miss Tiamat.
The white draconian shifter blinks!
Tiamat misses you. Tiamat closely misses you.
You sock Tiamat!
You beat Tiamat like a drum!!!
The moth of wrath goads Tiamat on!
Tiamat goes berserk!
The white draconian shifter blinks!
You bludgeon Tiamat!! Tiamat hits you but does no damage. Tiamat misses you.
You bludgeon Tiamat!! Tiamat closely misses you.
Tiamat tail-slaps you but does no damage.
Tiamat misses you.
The white draconian shifter gestures wildly while chanting.
The moth of wrath blinks!
You hit Tiamat. You hit Tiamat but do no damage. Tiamat misses you.
Tiamat tail-slaps you.
Tiamat tail-slaps you but does no damage.
The moth of wrath completely misses you.
The moth of wrath misses you.
You take 2 damage, and have 111/209 hp.
You bludgeon Tiamat!! Tiamat misses you. Tiamat barely misses you.
Tiamat tail-slaps you!
You take 7 damage, and have 104/209 hp.
You hit Tiamat but do no damage.
The moth of wrath completely misses you. x2
You sock Tiamat! Tiamat closely misses you.
Tiamat tail-slaps you but does no damage.
You sock Tiamat! The moth of wrath misses you.
The moth of wrath closely misses you.
You hit Tiamat. Tiamat completely misses you.
Tiamat tail-slaps you but does no damage.
The white draconian shifter blinks!
The moth of wrath barely misses you.
You hit Tiamat but do no damage.
The moth of wrath bites you but does no damage.
Tiamat hits you but does no damage. Tiamat tail-slaps you!!!
You take 37 damage, and have 68/209 hp.
You now have 10/30 mp.
You beat Tiamat like a drum!!!
The moth of wrath barely misses you.
The moth of wrath completely misses you.
You closely miss Tiamat. Tiamat hits you but does no damage.
Tiamat tail-slaps you!
* * * LOW HITPOINT WARNING * * *
You take 7 damage, and have 61/209 hp.
You now have 9/30 mp.
You hit Tiamat but do no damage.
The moth of wrath bites you but does no damage.
Tiamat hits you with a demon trident of electrocution!!!
* * * LOW HITPOINT WARNING * * *
Tiamat completely misses you.
The white draconian shifter blinks!
The moth of wrath bites you but does no damage.
You take 47 damage, and have 14/209 hp.
MASSIVE DAMAGE!!
You now have 2/30 mp.
A red film seems to cover your vision as you go berserk!
You feel yourself moving faster!
You feel mighty!
You are near starving!
Tiamat hits you with a demon trident of electrocution!
* * * LOW HITPOINT WARNING * * *
Tiamat barely misses you.
The moth of wrath completely misses you.
The moth of wrath bites you but does no damage.
You now have 15/313 hp.
You sock Tiamat!
You beat Tiamat like a drum!!!
Tiamat hits you but does no damage. Tiamat completely misses you.
The moth of wrath bites you but does no damage.
You sock Tiamat!
The moth of wrath bites you but does no damage.
You pound Tiamat like an anvil!!!
Tiamat hits you with a demon trident of electrocution!!
You die...

.....>..# ##....##
...D....#####....##
...........###....##
.......q....###....##
.......q...q.###D...##
.......dd.....###§...##
.......§.......###....##
..§..(d#).....##
#@y).....## ##y.......##
##........##
##........##
##........##
##....⌠...##
##........##
##........## ##........#


You could see Tiamat (berserk), a white draconian shifter and 2 moths of wrath.

Vanquished Creatures
  An orb of fire (Zot:3)
  2 juggernauts
  Saint Roka (Depths:2)
  Bai Suzhen (Depths:2)
  A curse toe (Zot:1)
  5 caustic shrikes (Depths:5)
  5 golden dragons
  Nikola (Depths:3)
  4 bone dragons
  the Enchantress (Depths:1)
  14 tentacled monstrosities
  4 liches
  4 titans
  6 quicksilver dragons
  3 tentacled starspawn (Abyss:2)
  An Executioner (Abyss:2)
  2 death cobs
  8 shadow dragons
  6 sphinxes
  2 thorn hunters
  11 storm dragons
  7 tengu reavers
  Donald (Swamp:1)
  Roxanne (Swamp:1)
  A draconian monk (Zot:2)
  7 fire giants
  4 draconian scorchers
  An orc warlord (Vaults:4)
  3 draconian knights
  6 deep elf sorcerers
  8 nagarajas
  Louise (D:14)
  7 vault wardens
  4 iron dragons
  8 frost giants
  A balrug (Depths:1)
  A cacodemon (Abyss:2)
  A deep elf elementalist (Vaults:4)
  2 draconian stormcallers (Zot:2)
  2 draconian shifters
  A draconian annihilator (Zot:3)
  15 ironheart preservers
  5 spriggan defenders
  5 vampire knights
  22 stone giants
  8 very ugly things
  10 green draconians
  3 deep elf annihilators
  4 spark wasps
  2 deep elf demonologists (Vaults:5)
  Azrael (Snake:2)
  4 white draconians
  6 yellow draconians
  6 red draconians
  14 ettins
  5 purple draconians
  5 black draconians
  2 green deaths (Abyss:2)
  7 fire dragons
  An ettin (shapeshifter) (Vaults:5)
  4 deep elf death magi
  A crystal guardian (Vaults:5)
  3 deep elf high priests
  3 jiangshi (Depths:4)
  7 great orbs of eyes
  Harold (Lair:4)
  Erolcha (D:12)
  9 rakshasas
  26 vault guards
  5 spriggan air magi
  15 yaktaur captains
  13 naga warriors
  10 ice dragons
  27 hydras
  The ghost of LogicNinja the Covert, a journeyman GnEn of Wu Jian (D:11)
  A hell beast (Depths:3)
  4 death knights
  A merfolk avatar (Lair:6)
  2 ghost crabs
  16 centaur warriors
  42 two-headed ogres
  Urug (Lair:4)
  7 alligators
  8 deep troll shamans
  8 anacondas
  13 ogre magi
  4 tengu warriors
  4 deep troll earth magi
  5 thrashing horrors (Abyss:2)
  An orc high priest (Vaults:4)
  A vampire mage (Depths:4)
  6 death yaks (Lair:5)
  Nergalle (Lair:4)
  7 shock serpents
  6 spriggan berserkers
  22 naga sharpshooters
  3 deep elf knights (Vaults:5)
  2 sun demons (Depths:1)
  4 iron trolls
  5 wretched stars (Abyss:2)
  4 sixfirhies (Abyss:2)
  2 shadow wraiths
  A spatial maelstrom (Abyss:2)
  6 skeletal warriors
  2 sea snakes (shapeshifter)
  3 salamander mystics
  2 flayed ghosts
  An unseen horror (shapeshifter) (Depths:5)
  3 sea snakes
  2 glowing orange brains
  7 unseen horrors
  9 swamp dragons
  2 spriggan druids
  10 deep trolls
  Pikel (D:9)
  5 wizards
  3 phantasmal warriors
  6 deep elf archers
  5 naga ritualists
  A shambling mangrove (Swamp:4)
  11 ironbrand convokers
  2 lindwurms
  7 harpies
  15 orc knights
  6 mana vipers
  A mana viper (shapeshifter) (Depths:4)
  3 necromancers
  The ghost of Popetastic the Destroyer, a novice DECj of Sif Muna (D:7)
  2 stone giant zombies (Vaults:3)
  3 wolf spiders
  17 deep elf magi
  A frost giant zombie (Abyss:2)
  3 orc sorcerers (Vaults:2)
  A tengu skeleton (Vaults:1)
  13 salamanders
  A human zombie (Vaults:1)
  47 ugly things
  14 cyclopes
  3 manticores
  12 elephants
  11 moths of wrath
  A moth of wrath (shapeshifter) (Depths:2)
  An elephant (shapeshifter) (Depths:3)
  A worldbinder (Abyss:2)
  A fire giant skeleton (Abyss:2)
  7 guardian serpents
  A stone giant skeleton (Abyss:2)
  7 smoke demons (Abyss:2)
  An apocalypse crab (Abyss:2)
  13 vault sentinels
  A frost giant skeleton (Vaults:3)
  A guardian serpent (shapeshifter) (Vaults:2)
  2 rust devils
  A toenail golem (Abyss:2)
  29 black mambas
  2 gargoyles
  29 naga magi
  20 spiny frogs
  A storm dragon simulacrum (Vaults:3)
  5 torpor snails
  3 efreet
  3 orange demons
  9 rime drakes
  A spiny frog (shapeshifter) (Vaults:1)
  36 yaktaurs
  10 freezing wraiths
  A yaktaur (shapeshifter) (Vaults:2)
  A komodo dragon (shapeshifter) (Vaults:4)
  An ice devil (Vaults:4)
  A rime drake (shapeshifter) (Vaults:1)
  16 komodo dragons
  3 ancient zymes (Abyss:2)
  5 hellwings
  A human skeleton (Vaults:1)
  4 tengu conjurers
  2 polar bears (Lair:6)
  2 jumping spiders (shapeshifter)
  The ghost of quantumfuzzball the Magician, a novice DEWz of Sif Muna (D:4)
  A yaktaur skeleton (Vaults:3)
  6 trolls
  5 meliai
  A polar bear (shapeshifter) (Vaults:2)
  9 raiju (Abyss:2)
  2 queen bees
  19 hornets
  2 wind drakes (Lair:6)
  An iron dragon simulacrum (Abyss:2)
  A meliai (shapeshifter) (Depths:1)
  7 bog bodies
  27 blink frogs
  26 slime creatures
  5 tyrant leeches
  10 hippogriffs
  A slime creature (shapeshifter) (Depths:4)
  14 dream sheep
  A hippogriff (shapeshifter) (D:15)
  A centaur simulacrum (D:15)
  5 flying skulls (Abyss:2)
  8 air elementals
  2 ynoxinuls (Abyss:2)
  3 wraiths
  32 yaks
  A tarantella (shapeshifter) (D:15)
  16 spriggans
  5 wyverns
  A shadow (D:12)
  A fire dragon skeleton (Abyss:2)
  9 fire elementals
  Sigmund (D:2)
  7 basilisks
  A redback (shapeshifter) (D:15)
  A vampire (D:15)
  3 basilisks (shapeshifter)
  A fire bat (Abyss:2)
  A human (shapeshifter) (D:15)
  A hungry ghost (D:8)
  6 neqoxecs
  2 steam dragons (D:6)
  A human simulacrum (Vaults:2)
  10 small abominations (Abyss:2)
  3 chaos spawn (Abyss:2)
  8 vampire mosquitoes
  A swamp worm (shapeshifter) (Depths:3)
  9 insubstantial wisps (Swamp:2)
  8 wargs
  19 swamp worms
  An acid dragon (Vaults:2)
  64 nagas
  A naga (shapeshifter) (Vaults:3)
  A soldier ant (shapeshifter) (D:15)
  19 water moccasins
  16 large abominations
  A soldier ant (D:14)
  10 porcupines
  2 hell hounds (Snake:2)
  2 hornet zombies
  An ice beast (shapeshifter) (Vaults:1)
  An ettin simulacrum (Vaults:3)
  33 orc warriors
  3 sky beasts
  2 slaves (D:9)
  2 eyes of draining
  7 ice beasts
  12 swamp drakes
  2 black bears
  The ghost of IAmLegend20 the Chopper, an amateur HOMo (D:3)
  2 phantoms
  8 boggarts
  37 ogres
  22 centaurs
  16 crocodiles
  A crocodile (shapeshifter) (D:15)
  9 wolves
  15 bullfrogs
  A wyvern zombie (D:6)
  2 gnoll sergeants
  3 scorpions
  57 killer bees
  8 wights
  5 howler monkeys
  4 electric eels
  A lava snake (Lair:5)
  A quasit (Abyss:2)
  28 starcursed masses (Abyss:2)
  8 crimson imps
  A yaktaur simulacrum (Vaults:1)
  4 centaur zombies
  3 bullfrog zombies
  5 hounds
  3 jellies
  23 orc priests
  A centaur skeleton (D:6)
  2 bullfrog skeletons
  2 iron imps (Abyss:2)
  24 orc wizards
  10 iguanas
  Ijyb (D:4)
  2 hell rats (Lair:4)
  9 worker ants
  A killer bee zombie (D:6)
  2 hound zombies
  A hound skeleton (D:4)
  A mummy (Ossuary)
  2 howler monkey zombies
  5 worker ant zombies
  16 gnolls
  14 adders
  3 shadow imps
  3 ufetubi (Abyss:2)
  3 oozes
  An adder zombie (D:5)
  3 adder skeletons
  4 worms
  13 dart slugs
  3 leopard geckos
  79 orcs
  2 ball pythons
  5 giant cockroaches
  10 goblins
  13 hobgoblins
  3 jackals
  7 kobolds
  2 quokkas
  13 bats
  2 frilled lizards
  4 gnoll skeletons (Ossuary)
  A jackal zombie (D:6)
  8 kobold skeletons (Ossuary)
  A leopard gecko zombie (D:6)
  12 orc skeletons (Ossuary)
  A quokka zombie (D:6)
  8 rats
  A crawling corpse (Vaults:1)
  A starspawn tentacle (Abyss:2)
2100 creatures vanquished.

Vanquished Creatures (collateral kills)
  Jorgrun (Swamp:4)
  A death cob (Zot:2)
  A fire giant (Depths:2)
  2 draconian shifters (Zot:2)
  A green draconian (Zot:2)
  2 draconian stormcallers (Zot:2)
  A yellow draconian (Zot:2)
  A purple draconian (Zot:2)
  2 ice dragons
  A fire dragon (Depths:1)
  An ogre mage (Orc:2)
  2 vault guards (Vaults:5)
  A hydra (D:15)
  4 two-headed ogres (Orc:2)
  A deep troll earth mage (Depths:2)
  A tengu warrior (Depths:1)
  The ghost of necromuncher the Fighter, a novice OgBe of Trog (D:5)
  An orc high priest (Vaults:4)
  2 deep trolls (Depths:2)
  A salamander (Snake:1)
  7 ugly things
  5 cyclopes (Orc:1)
  A tengu conjurer (D:15)
  A komodo dragon (D:15)
  A troll (D:7)
  A meliai (D:15)
  6 dream sheep (Lair:4)
  6 yaks (Lair:4)
  2 orc warriors (Vaults:4)
  5 ice beasts (Lair:4)
  10 ogres (Orc:2)
  3 orc priests (Vaults:4)
76 creatures vanquished.

Vanquished Creatures (others)
  A Killer Klown (Zot:2)
  An ettin (Depths:3)
  A naga warrior (Snake:4)
  A hydra (Swamp:4)
  A spriggan (Swamp:2)
  A sixfirhy (Abyss:2)
  A swamp dragon (Swamp:4)
  A wizard (Vaults:1)
  A large abomination (Zot:2)
  A black mamba (Snake:4)
  2 hornets
  A dream sheep (shapeshifter) (Vaults:5)
  A naga (Snake:2)
  A swamp worm (Swamp:4)
  2 slaves (D:9)
  An orc warrior (Depths:2)
  A boggart (Depths:3)
  3 ogres
  A bullfrog zombie (D:9)
  An adder skeleton (D:9)
  A leopard gecko (D:9)
  2 orcs (Depths:2)
  3 briar patches (Swamp:3)
  A crawling corpse (Vaults:1)
  5 fungi
  2 lurking horrors (Abyss:2)
  13 plants
  5 starspawn tentacles (Abyss:2)
56 creatures vanquished.

Grand Total: 2232 creatures vanquished

Notes
Turn   | Place    | Note
-------+----------+-------------------------------------------
     0 | D:1      | Firecrotchwizard the Gargoyle Berserker began the quest for the Orb.
     0 | D:1      | Reached XP level 1. HP: 14/14 MP: 1/1
   256 | D:1      | HP: 3/14 [hobgoblin (3)]
   559 | D:1      | Reached XP level 2. HP: 19/19 MP: 2/2
   935 | D:1      | Reached skill level 4 in Maces & Flails
  1436 | D:2      | Noticed Sigmund
  1504 | D:2      | Reached XP level 3. HP: 23/23 MP: 3/3
  1721 | D:2      | Noticed a bullfrog
  1726 | D:2      | Killed a bullfrog
  1726 | D:2      | Reached skill level 5 in Maces & Flails
  1726 | D:2      | Reached XP level 4. HP: 26/28 MP: 4/4
  1855 | D:2      | Killed Sigmund
  1855 | D:2      | Reached skill level 6 in Maces & Flails
  1855 | D:2      | Reached XP level 5. HP: 32/32 MP: 5/5
  1855 | D:2      | Reached XP level 6. HP: 37/37 MP: 6/6
  1910 | D:2      | Reached ** piety under Trog
  2018 | D:2      | Found a burning altar of Makhleb.
  2031 | D:2      | Found an opulent altar of Gozag.
  2035 | D:2      | Found a transporter.
  2048 | D:2      | Found a transporter.
  2197 | D:2      | Found a deep blue altar of Sif Muna.
  2390 | D:3      | Reached skill level 7 in Maces & Flails
  2438 | D:3      | Noticed IAmLegend20's ghost (amateur HOMo)
  2480 | D:3      | Killed IAmLegend20's ghost
  2521 | D:3      | Reached XP level 7. HP: 36/41 MP: 7/7
  2824 | D:3      | Found a stormy altar of Qazlal.
  2826 | D:3      | Reached *** piety under Trog
  3083 | D:3      | Reached skill level 8 in Maces & Flails
  3255 | D:4      | Reached skill level 4 in Fighting
  3267 | D:4      | Noticed Ijyb
  3285 | D:4      | Killed Ijyb
  3369 | D:4      | Noticed quantumfuzzball's ghost (novice DEWz)
  3381 | D:4      | Killed quantumfuzzball's ghost
  3381 | D:4      | Reached skill level 3 in Armour
  3381 | D:4      | Reached skill level 2 in Dodging
  3381 | D:4      | Reached XP level 8. HP: 48/48 MP: 8/8
  3434 | D:4      | Found a hazy altar of Hepliaklqana.
  3497 | D:4      | Found a basalt altar of Yredelemnul.
  3761 | D:4      | Got a warped helmet
  3772 | D:4      | Identified the +0 helmet of the Harvest Moon {rC+ Str-5 Dex+3} (You found it on level 4 of the Dungeon)
  4158 | D:5      | Entered Level 5 of the Dungeon
  4266 | D:5      | Found Iruar's Food Boutique.
  4279 | D:5      | Reached skill level 5 in Fighting
  4279 | D:5      | Reached skill level 9 in Maces & Flails
  4290 | D:5      | Reached **** piety under Trog
  4626 | D:5      | Reached skill level 4 in Armour
  4626 | D:5      | Reached skill level 3 in Dodging
  4689 | D:5      | Found a sparkling altar of Nemelex Xobeh.
  4881 | D:5      | Noticed necromuncher's ghost (novice OgBe)
  4936 | D:5      | Killed necromuncher's ghost
  4936 | D:5      | Reached XP level 9. HP: 55/55 MP: 9/9
  5345 | D:5      | Reached skill level 6 in Fighting
  5369 | D:5      | Reached skill level 10 in Maces & Flails
  5442 | D:6      | Reached skill level 5 in Armour
  5708 | D:6      | Reached skill level 4 in Dodging
  6416 | D:6      | Found Zoitz's Antique Weapon Boutique.
  6533 | D:6      | Found a staircase to the Ecumenical Temple.
  6720 | D:7      | Noticed a troll
  6755 | D:7      | Killed a troll
  6755 | D:7      | Reached XP level 10. HP: 40/61 MP: 4/10
  6894 | D:7      | Reached skill level 6 in Armour
  6937 | D:7      | Reached skill level 7 in Fighting
  7076 | D:6      | Bought a twisted great mace for 322 gold pieces
  7076 | D:6      | Identified the +8 great mace of Pyxt {speed, Int+2 SInv} (You bought it in a shop on level 6 of the Dungeon)
  7203 | D:7      | Reached skill level 11 in Maces & Flails
  7247 | D:7      | Noticed Popetastic's ghost (novice DECj)
  7259 | D:7      | Killed Popetastic's ghost
  7706 | D:8      | Found a sand-covered staircase.
  7711 | Ossuary  | Entered an ossuary
  7722 | Ossuary  | Reached ***** piety under Trog
  7931 | D:8      | Found a white marble altar of Elyvilon.
  7931 | D:8      | Found an iron altar of Okawaru.
  8045 | D:8      | Reached skill level 8 in Fighting
  8058 | D:8      | Reached skill level 12 in Maces & Flails
  8069 | D:8      | Received a gift from Trog
  8374 | D:9      | Noticed Pikel
  8386 | D:9      | Killed Pikel
  8399 | D:9      | Reached XP level 11. HP: 69/69 MP: 11/11
  8471 | D:9      | Reached skill level 9 in Fighting
  8496 | D:9      | Reached skill level 5 in Dodging
  8613 | D:9      | Found a shadowy altar of Dithmenos.
  8638 | D:9      | Found a staircase to the Orcish Mines.
  8947 | D:9      | Found a glowing golden altar of the Shining One.
  8993 | D:9      | Found a staircase to the Lair.
  9045 | D:9      | Reached skill level 7 in Armour
  9094 | D:9      | Found a radiant altar of Vehumet.
  9495 | Lair:1   | Entered Level 1 of the Lair of Beasts
  9618 | Lair:1   | Reached skill level 10 in Fighting
  9627 | Lair:1   | Reached skill level 6 in Dodging
  9635 | Lair:1   | Reached skill level 8 in Armour
  9878 | Lair:1   | Found a snail-covered altar of Cheibriados.
 10381 | Lair:2   | Noticed a five-headed hydra
 10391 | Lair:2   | Killed a five-headed hydra
 10391 | Lair:2   | Reached XP level 12. HP: 67/79 MP: 10/12
 10533 | Lair:2   | Reached skill level 9 in Armour
 10607 | Lair:2   | Received a gift from Trog
 10612 | Lair:2   | Reached skill level 7 in Dodging
 10695 | Lair:2   | Found a staircase to the Swamp.
 10707 | Lair:2   | Reached skill level 11 in Fighting
 10750 | Lair:2   | Reached skill level 13 in Maces & Flails
 11567 | Lair:3   | Noticed a seven-headed hydra
 11573 | Lair:3   | Killed a seven-headed hydra
 11573 | Lair:3   | Reached skill level 10 in Armour
 11577 | Lair:3   | Reached ****** piety under Trog
 11855 | Lair:3   | Found a snail-covered altar of Cheibriados.
 11967 | Lair:3   | Reached skill level 8 in Dodging
 11992 | Lair:3   | Reached XP level 13. HP: 85/85 MP: 13/13
 11996 | Lair:3   | Reached skill level 12 in Fighting
 12440 | Lair:4   | Found a frozen archway.
 12440 | Lair:4   | Noticed Harold
 12451 | Lair:4   | Killed Harold
 12462 | Lair:4   | Reached skill level 11 in Armour
 12528 | Lair:4   | Found a staircase to the Snake Pit.
 12582 | Lair:4   | Received a gift from Trog
 12679 | Lair:4   | Reached skill level 9 in Dodging
 12920 | Lair:4   | Noticed Nergalle
 12931 | Lair:4   | Killed Nergalle
 13036 | Lair:4   | Reached skill level 13 in Fighting
 13193 | Lair:4   | Noticed Urug
 13208 | Lair:4   | Killed Urug
 13745 | Lair:5   | Reached skill level 12 in Armour
 13776 | Lair:5   | Found a basalt altar of Yredelemnul.
 14109 | Lair:5   | Received a gift from Trog
 14284 | Lair:5   | Gained mutation: Your large and strong wings let you fly indefinitely. [Gargoyle growth]
 14284 | Lair:5   | Reached XP level 14. HP: 86/94 MP: 14/14
 14698 | Lair:5   | Reached skill level 10 in Dodging
 14841 | Lair:6   | Entered Level 6 of the Lair of Beasts
 15061 | Lair:6   | Reached skill level 14 in Fighting
 15130 | Lair:6   | Reached skill level 13 in Armour
 15435 | Lair:6   | Found a viscous altar of Jiyva.
 15435 | Lair:6   | Found a staircase to the Slime Pits.
 15820 | Lair:6   | Received a gift from Trog
 15857 | Lair:6   | Reached XP level 15. HP: 79/101 MP: 15/15
 15873 | Lair:6   | Got a distressingly furry plate armour
 15874 | Lair:6   | Identified the +1 plate armour of Pan-Flutes {Regen+ rCorr} (You found it on level 6 of the Lair of Beasts)
 15899 | Lair:6   | Got a pitted quarterstaff {god gift}
 15944 | Lair:6   | Reached skill level 11 in Dodging
 16516 | Orc:1    | Entered Level 1 of the Orcish Mines
 16697 | Orc:1    | Reached skill level 1 in Evocations
 16702 | Orc:1    | Found a dark tunnel.
 16718 | Volcano  | Entered a volcano
 16994 | Orc:1    | Reached skill level 2 in Evocations
 17368 | Orc:1    | Reached skill level 3 in Evocations
 17555 | Orc:1    | Noticed a fire giant
 17564 | Orc:1    | Killed a fire giant
 17575 | Orc:1    | Reached skill level 4 in Evocations
 17693 | Orc:1    | Got a brightly glowing lajatang
 17698 | Orc:1    | Got a transparent glaive
 17712 | Orc:1    | You are sucked into a shaft!
 17712 | Orc:2    | Entered Level 2 of the Orcish Mines
 17958 | Orc:1    | Got a smoking tin ring
 17960 | Orc:1    | Identified the cursed ring of Titoyke {MR+ EV-3} (You found it on level 1 of the Orcish Mines)
 18045 | Orc:1    | Reached skill level 14 in Maces & Flails
 18290 | Orc:2    | Found a staircase to the Elven Halls.
 18512 | Orc:2    | Reached skill level 5 in Evocations
 18522 | Orc:2    | Received a gift from Trog
 18540 | Orc:2    | Reached skill level 6 in Evocations
 18545 | Orc:2    | Found Ycepas's Jewellery Boutique.
 18545 | Orc:2    | Found Heoss's Antique Weapon Shoppe.
 18570 | Orc:2    | Found Iziamoboqa's Antique Weapon Emporium.
 18570 | Orc:2    | Found Xonu's Distillery.
 18652 | Orc:2    | Paralysed by an ogre mage for 6 turns
 18670 | Orc:2    | Bought a +6 ring of evasion for 858 gold pieces
 19102 | D:10     | Entered Level 10 of the Dungeon
 19183 | D:10     | Reached skill level 7 in Evocations
 19526 | D:10     | Reached XP level 16. HP: 107/107 MP: 21/21
 19822 | D:11     | Received a gift from Trog
 19822 | D:11     | Reached skill level 15 in Maces & Flails
 19967 | D:11     | Noticed LogicNinja's ghost (journeyman GnEn)
 19988 | D:11     | Killed LogicNinja's ghost
 20349 | D:12     | Got an ancient ring mail
 20403 | D:12     | Reached skill level 8 in Evocations
 20529 | D:12     | Found a snail-covered altar of Cheibriados.
 20859 | D:12     | Noticed Erolcha
 20869 | D:12     | Killed Erolcha
 20869 | D:12     | Received a gift from Trog
 21601 | D:13     | Reached skill level 9 in Evocations
 21872 | Orc:2    | Bought a ring of the Octopus King {rCorr AC+1 EV+1 Str+1 Int+1 Dex+1} for 458 gold pieces
 21872 | Orc:2    | Found the ring of the Octopus King {rCorr AC+1 EV+1 Str+1 Int+1 Dex+1}
 22147 | D:13     | Found a gate to the Vaults.
 22350 | D:14     | Noticed Louise
 22362 | D:14     | Killed Louise
 22375 | D:14     | Found an opulent altar of Gozag.
 22766 | D:14     | Found Gozag's Platinum Reserve.
 23138 | D:15     | Entered Level 15 of the Dungeon
 23295 | D:15     | Reached skill level 10 in Evocations
 23458 | D:15     | Reached skill level 16 in Maces & Flails
 23467 | D:15     | Found a staircase to the Depths.
 23799 | D:15     | Received a gift from Trog
 24349 | Swamp:1  | Entered Level 1 of the Swamp
 24349 | Swamp:1  | Noticed Donald
 24356 | Swamp:1  | Killed Donald
 24740 | Swamp:1  | Reached XP level 17. HP: 112/112 MP: 22/24
 24800 | Swamp:1  | Noticed Roxanne
 24823 | Swamp:1  | Killed Roxanne
 24824 | Swamp:1  | Identified Roxanne's Catalogue of Changing (You took it off Roxanne on level 1 of the Swamp)
 24847 | Swamp:1  | Reached skill level 15 in Fighting
 24847 | Swamp:1  | Reached skill level 14 in Armour
 26300 | Swamp:3  | Reached skill level 17 in Maces & Flails
 26340 | Swamp:3  | Got a fine trident
 26931 | Swamp:3  | Found a deep blue altar of Sif Muna.
 27032 | Swamp:4  | Entered Level 4 of the Swamp
 27038 | Swamp:4  | Noticed Jorgrun
 27095 | Swamp:4  | Killed Jorgrun
 28096 | Swamp:4  | Noticed the 27-headed Lernaean hydra
 28157 | Swamp:4  | Got a decaying rune of Zot
 28445 | Snake:1  | Entered Level 1 of the Snake Pit
 28451 | Snake:1  | Reached XP level 18. HP: 120/120 MP: 25/25
 28694 | Snake:1  | You are sucked into a shaft!
 28784 | Snake:2  | Received a gift from Trog
 28850 | Snake:2  | Reached skill level 12 in Dodging
 28885 | Snake:2  | Reached skill level 15 in Armour
 29397 | Snake:1  | Reached skill level 16 in Fighting
 29397 | Snake:1  | Reached skill level 18 in Maces & Flails
 29548 | Snake:1  | Identified a scroll of acquirement
 29752 | Snake:2  | Noticed Azrael
 29772 | Snake:2  | Killed Azrael
 30228 | Snake:2  | Received a gift from Trog
 31675 | Snake:4  | Entered Level 4 of the Snake Pit
 31880 | Snake:4  | Received a gift from Trog
 32154 | Snake:4  | Found a stormy altar of Qazlal.
 32509 | Snake:4  | Reached XP level 19. HP: 126/127 MP: 26/26
 32702 | Snake:4  | Received a gift from Trog
 33051 | Snake:4  | Reached skill level 19 in Maces & Flails
 33309 | Snake:4  | Reached skill level 16 in Armour
 33427 | Snake:4  | Received a gift from Trog
 33560 | Snake:4  | Got a serpentine rune of Zot
 33927 | Vaults:1 | Entered Level 1 of the Vaults
 33943 | Vaults:1 | Found Nebefouz's Jewellery Boutique.
 34059 | Vaults:1 | Reached skill level 17 in Fighting
 34272 | Vaults:1 | Reached skill level 13 in Dodging
 34324 | Vaults:1 | Received a gift from Trog
 35182 | Vaults:1 | Reached skill level 20 in Maces & Flails
 35182 | Vaults:1 | Reached XP level 20. HP: 131/134 MP: 27/27
 35330 | Vaults:1 | Reached XP level 21. HP: 139/139 MP: 28/28
 35933 | Vaults:2 | Received a gift from Trog
 35938 | Vaults:2 | Got an ichor-stained arbalest {god gift}
 35984 | Vaults:2 | Reached skill level 17 in Armour
 36153 | Vaults:2 | Found Imatogie's Weapon Shoppe.
 36793 | Vaults:2 | Identified the +9 arbalest "Yluadet" {venom, rPois rF++ Str-4 SInv} (Trog gifted it to you on level 2 of the Vaults)
 36987 | Vaults:3 | Reached skill level 18 in Fighting
 37055 | Vaults:3 | Received a gift from Trog
 37220 | Vaults:3 | Got a bound lead ring
 37222 | Vaults:3 | Identified the ring "Degoxiunn" {-Tele rN+ Str+7 Slay+3} (You acquired it on level 3 of the Vaults)
 37411 | Vaults:3 | Reached skill level 14 in Dodging
 37468 | Vaults:3 | Found the +0 Maxwell's etheric cage {RegenMP+ *Contam rElec MP+4}
 38130 | Vaults:3 | Found a staircase to the Crypt.
 38206 | Vaults:3 | Found Wohocl Kedo's Weapon Shop.
 38210 | Vaults:3 | Reached skill level 18 in Armour
 38217 | Vaults:3 | Reached XP level 22. HP: 135/148 MP: 25/29
 38348 | Vaults:3 | Received a gift from Trog
 39223 | Vaults:4 | Got a scorched scale mail
 39681 | Vaults:4 | Reached skill level 19 in Fighting
 39711 | Vaults:4 | Received a gift from Trog
 39714 | Vaults:4 | Found a roughly hewn altar of Beogh.
 40136 | Vaults:4 | Found Tugya's Food Boutique.
 40185 | Vaults:4 | Identified the cursed +0 scale mail "Beighun" {rC+} (You found it on level 4 of the Vaults)
 40531 | Depths:1 | Entered Level 1 of the Depths
 40911 | Depths:1 | Reached skill level 15 in Dodging
 41365 | Depths:1 | Found the +7 Kryia's mail coat {PotionHeal*2 rC+}
 41433 | Depths:1 | Reached skill level 19 in Armour
 41551 | Depths:1 | Noticed the Enchantress
 41572 | Depths:1 | Killed the Enchantress
 41591 | Depths:1 | Received a gift from Trog
 41606 | Depths:1 | Got faerie dragon scales
 41617 | Depths:1 | Identified the +0 faerie dragon scales {*Corrode rCorr Str+2 Dex+5 Slay+2} (You took it off the Enchantress on level 1 of the Depths)
 41750 | Depths:1 | Found a gateway to Hell.
 41882 | Depths:2 | Found a gateway to a ziggurat.
 41922 | Depths:2 | Reached XP level 23. HP: 138/156 MP: 27/30
 42156 | Depths:2 | Paralysed by a floating eye for 2 turns
 42162 | Depths:2 | Paralysed by a floating eye for 2 turns
 42168 | Depths:2 | Paralysed by a floating eye for 3 turns
 42181 | Depths:2 | Paralysed by a floating eye for 4 turns
 42189 | Depths:2 | Paralysed by a floating eye for 3 turns
 42207 | Depths:2 | Noticed a golden dragon
 42214 | Depths:2 | Killed a golden dragon
 42323 | Depths:2 | Noticed a juggernaut
 42335 | Depths:2 | Killed a juggernaut
 42335 | Depths:2 | Reached skill level 20 in Fighting
 42607 | Depths:2 | Found Ydeepse's General Store.
 42616 | Depths:2 | Bought 3 scrolls of teleportation for 135 gold pieces
 42616 | Depths:2 | Bought a scroll of enchant weapon for 112 gold pieces
 43036 | Depths:2 | Noticed Saint Roka
 43064 | Depths:2 | Killed Saint Roka
 43255 | Depths:2 | Noticed Bai Suzhen
 43280 | Depths:2 | Killed Bai Suzhen
 43285 | Depths:2 | Received a gift from Trog
 43873 | Depths:3 | Reached skill level 20 in Armour
 44021 | Depths:3 | Found a one-way gate leading to the halls of Pandemonium.
 44021 | Depths:3 | Gained mutation: You tend to lose your temper in combat. [a neqoxec]
 44032 | Depths:3 | Reached skill level 16 in Dodging
 44091 | Depths:3 | Noticed Nikola
 44100 | Depths:3 | Killed Nikola
 44257 | Depths:3 | Noticed a juggernaut
 44266 | Depths:3 | Killed a juggernaut
 44457 | Depths:3 | Identified the Almanac of Bewitchment
 44461 | Depths:3 | Received a gift from Trog
 44603 | Depths:3 | Reached XP level 24. HP: 151/164 MP: 26/30
 44754 | Depths:3 | Identified Vosch's Compendium of Earthen Shape Shifting
 44958 | Depths:4 | Got a bone morningstar
 44959 | Depths:4 | Identified the cursed +1 morningstar of Insomnia {elec, Str+6 Dex+4} (You found it on level 4 of the Depths)
 45403 | Depths:4 | Reached skill level 21 in Fighting
 45698 | Depths:4 | Found a one-way gate to the infinite horrors of the Abyss.
 45962 | Depths:5 | Entered Level 5 of the Depths
 46014 | Depths:5 | Found Qyla Die's Changing Room.
 46037 | Depths:5 | Received a gift from Trog
 46229 | Depths:5 | Noticed a caustic shrike
 46237 | Depths:5 | Killed a caustic shrike
 46337 | Depths:5 | Noticed a caustic shrike
 46338 | Depths:5 | Noticed a caustic shrike
 46338 | Depths:5 | Noticed a caustic shrike
 46339 | Depths:5 | Noticed a caustic shrike
 46350 | Depths:5 | Killed a caustic shrike
 46356 | Depths:5 | Killed a caustic shrike
 46361 | Depths:5 | Killed a caustic shrike
 46368 | Depths:5 | Killed a caustic shrike
 46368 | Depths:5 | Reached skill level 21 in Armour
 46945 | Depths:5 | Found a gate to the Realm of Zot.
 47057 | Depths:5 | Reached skill level 17 in Dodging
 47711 | Vaults:5 | Entered Level 5 of the Vaults
 47763 | Vaults:4 | Received a gift from Trog
 47772 | Vaults:4 | Got a slimy great mace {god gift}
 47773 | Vaults:4 | Identified the +9 great mace of Fallacy {drain, rElec rC++ Dex-2 Stlth+} (Trog gifted it to you on level 4 of the Vaults)
 47838 | Vaults:5 | HP: 35/168 [titan (48)]
 47844 | Vaults:4 | HP: 36/168 [ironbrand convoker/great mace (1)]
 48323 | Vaults:4 | Reached XP level 25. HP: 134/172 MP: 26/30
 48454 | Vaults:5 | Reached skill level 22 in Fighting
 48706 | Vaults:5 | Cast into level 2 of the Abyss (a deep elf sorcerer)
 48813 | Abyss:2  | Paralysed by an apocalypse crab for 4 turns
 49073 | Abyss:2  | Received a gift from Trog
 49325 | Abyss:2  | Received a gift from Trog
 49334 | Vaults:5 | Escaped the Abyss
 49342 | Vaults:5 | HP: 34/173 [frost giant/bolt of cold (43)]
 49348 | Vaults:4 | HP: 34/173 [deep elf high priest/a malign offering (6)]
 49703 | Vaults:5 | Reached skill level 22 in Armour
 49799 | Vaults:5 | Got a wavering golden ring
 50002 | Vaults:5 | Identified the ring "Dumun" {*Tele *Slow +Blink rPois rN++} (You took it off a yaktaur on level 5 of the Vaults)
 50004 | Vaults:5 | Identified the +6 chain mail "Lureitz" {Int+2} (You took it off an orc knight on level 5 of the Vaults)
 50077 | Vaults:5 | Received a gift from Trog
 50228 | Vaults:5 | Identified the ring of Itounapt {rCorr rC+ rN+} (You took it off a yaktaur on level 5 of the Vaults)
 50305 | Vaults:5 | Paralysed by a sphinx for 6 turns
 50360 | Vaults:5 | Got a silver rune of Zot
 50482 | Vaults:5 | Reached skill level 18 in Dodging
 50838 | Vaults:5 | Cast into level 2 of the Abyss (a deep elf sorcerer)
 50918 | Abyss:2  | Gained mutation: Your magical capacity is low. (-10% MP) [a neqoxec]
 51252 | Abyss:2  | Received a gift from Trog
 51255 | Abyss:2  | Paralysed by accursed screaming for 1 turns
 51275 | Abyss:2  | Got a transparent great mace {god gift}
 51276 | Abyss:2  | Identified the +5 great mace "Hies" {venom, rElec MR+ Str+4 Int-5} (Trog gifted it to you on level 2 of the Abyss)
 51419 | Abyss:2  | Gained mutation: You occasionally shout uncontrollably at your foes. [a neqoxec]
 51429 | Abyss:2  | Gained mutation: Armour fits poorly on your strangely shaped body. [a neqoxec]
 51532 | Abyss:2  | Reached XP level 26. HP: 149/181 MP: 27/27
 51675 | Abyss:2  | Reached skill level 23 in Fighting
 51677 | Abyss:2  | Lost mutation: You occasionally shout uncontrollably at your foes. [potion of mutation]
 51677 | Abyss:2  | Lost mutation: Your magical capacity is low. (-10% MP) [potion of mutation]
 51677 | Abyss:2  | Lost mutation: Armour fits poorly on your strangely shaped body. [potion of mutation]
 51677 | Abyss:2  | Gained mutation: Your flesh is heat resistant. (rF+) [potion of mutation]
 51677 | Abyss:2  | Gained mutation: You are robust. (+10% HP) [potion of mutation]
 51962 | Vaults:5 | Escaped the Abyss
 51979 | Vaults:5 | Received a gift from Trog
 52297 | Vaults:5 | Found Ozesm's Gadget Shop.
 52713 | Zot:1    | Entered Level 1 of the Realm of Zot
 53121 | Zot:1    | Reached skill level 23 in Armour
 54325 | Zot:2    | Reached skill level 19 in Dodging
 54770 | Zot:2    | Received a gift from Trog
 54793 | Zot:2    | Reached XP level 27. HP: 158/207 MP: 24/30
 54809 | Zot:2    | Reached skill level 24 in Fighting
 55584 | Zot:3    | Noticed Tiamat
 55591 | Zot:3    | Noticed an orb of fire
 55594 | Zot:3    | Gained mutation: You occasionally shout uncontrollably at your foes. [an orb of fire]
 55600 | Zot:3    | Gained mutation: You are weak. (Str -2) [an orb of fire]
 55606 | Zot:3    | Gained mutation: You expend magic power (3 MP) to strengthen your wands. [an orb of fire]
 55607 | Zot:3    | Gained mutation: You are dopey. (Int -2) [an orb of fire]
 55609 | Zot:3    | Killed an orb of fire
 55695 | Zot:3    | HP: 14/209 [Tiamat/demon trident of electrocution (47)]
 55700 | Zot:3    | Slain by Tiamat

Skill      XL: |  1  2  3  4  5  6  7  8  9 10 11 12 13 14 15 16 17 18 19 20 21 22 23 24 25 26 27 |
---------------+----------------------------------------------------------------------------------+-----
Maces & Flails | 4 5 6 7 8 9 10 12 13 14 16 17 18 20 | 20.0
Fighting       | 4 5 6 8 10 11 13 14 15 16 17 18 19 20 21 22 23 24 | 24.2
Armour         | 3 4 5 6 8 10 12 13 14 15 16 18 19 20 21 22 23 | 23.8
Dodging        | 2 3 4 6 8 9 10 11 12 13 14 15 16 17 18 19 | 19.3
Evocations     | 7 10 | 10.0

Action                   |  1- 3 |  4- 6 |  7- 9 | 10-12 | 13-15 | 16-18 | 19-21 | 22-24 | 25-27 || total
-------------------------+-------+-------+-------+-------+-------+-------+-------+-------+-------++-------
Melee: Mace              |    72 |   103 |    22 |    36 |       |       |       |       |       ||   233
       Whip              |       |    23 |  1081 |    53 |       |       |       |       |       ||  1157
       Great mace        |       |       |       |   592 |  1147 |  1820 |  1172 |  1489 |  1363 ||  7583
       Dire flail        |       |       |       |     8 |       |       |       |       |       ||     8
       Demon whip        |       |       |       |       |       |    37 |       |       |       ||    37
Invok: Berserk           |       |     1 |     3 |       |       |       |       |       |     1 ||     5
       Trog's Hand       |       |       |     2 |       |     4 |     5 |     7 |     4 |     7 ||    29
       Brothers in Arms  |       |       |     2 |       |     6 |     4 |     1 |     6 |     3 ||    22
       Burn Spellbooks   |       |       |       |     2 |     2 |     7 |     1 |     4 |     7 ||    23
 Abil: Fly               |       |       |       |       |     1 |       |       |       |     1 ||     2
       Stop Flying       |       |       |       |       |       |       |       |     1 |       ||     1
Evoke: Wand              |       |       |     2 |       |     5 |     7 |    12 |    22 |     4 ||    52
       Fan of gales      |       |       |       |       |       |       |       |     1 |       ||     1
       Box of beasts     |       |       |       |       |       |       |       |     1 |       ||     1
       Sack of spiders   |       |       |       |       |       |       |       |     1 |       ||     1
  Use: Scroll            |       |     4 |     5 |    13 |    18 |    15 |     8 |     7 |    14 ||    84
       Potion            |       |       |       |       |       |       |     2 |     9 |     4 ||    15
 Stab: Sleeping          |     1 |       |       |       |       |       |       |       |       ||     1
       Distracted        |       |       |     1 |       |     1 |       |       |     2 |     1 ||     5
       Confused          |       |       |       |       |     5 |     4 |       |       |       ||     9
       Invisible         |       |       |       |       |       |       |       |     2 |       ||     2
  Eat: Chunk             |     3 |     3 |    10 |    13 |    16 |    25 |    11 |    23 |    14 ||   118
       Ration            |       |       |     3 |     2 |     4 |     6 |     3 |     4 |     4 ||    26
Armor: Animal skin       |    17 |     7 |       |       |       |       |       |       |       ||    24
       Ring mail         |       |    61 |       |       |       |       |       |       |       ||    61
       Plate armour      |       |    43 |   682 |   468 |   650 |   933 |   526 |    97 |       ||  3399
       Leather armour    |       |       |       |       |     8 |       |       |       |       ||     8
       Skin              |       |       |       |       |     4 |       |       |       |       ||     4
       Scale mail        |       |       |       |       |       |       |       |    27 |       ||    27
       Acid dragon scale |       |       |       |       |       |       |       |   239 |   218 ||   457
       Gold dragon scale |       |       |       |       |       |       |       |       |   280 ||   280
Dodge: Dodged            |    36 |   132 |   312 |   295 |   588 |  1495 |   941 |  1152 |  1247 ||  6198

Vault maps used:
D:1:      evilmike_arrival_hilbert_curve
D:2:      gammafunk_temple_overflow_arena, led_sif_pool, st_stairs_8,
          bloody_makhleb, uniq_sigmund
D:3:      kennysheep_slugbush, nicolae_qazlal_eye_of_the_storm
D:4:      kennysheep_the_goblin_king, lemuel_doored_altar, kennysheep_mini_moat
D:5:      nemelex_xobeh_ov_fountains_minmay, first_ration, serial_shops, shop
D:6:      cheibrodos_steamvent, minmay_temple_entry_poolview, serial_undead,
          serial_undead_b, serial_undead_c, serial_undead_e, serial_undead_c,
          serial_undead_d, serial_shops, shop
D:8:      gammafunk_temple_overflow_wave, nicolae_ossuary_entry_plus,
          david_nohive_1, kennysheep_nub
D:9:      vehumet_crystals, kennysheep_little_box,
          nicolae_dithmenos_the_darkroom, david_lair_generic, uniq_pikel
D:12:     minivault_5, cheibriados_altar_1, uniq_erolcha
D:13:     kennysheep_funnel, david_vaults_5
D:14:     kennysheep_nondescript, nicolae_gozag_zags_fifth_avenue, uniq_louise
D:15:     gammafunk_enter_depths_forms, minivault_11
Lair:1:   kennysheep_snail_temple
Lair:2:   minmay_swamp_entry_reptiles, serial_bayou_shore_b
Lair:3:   basic_altar
Lair:4:   regret_index_tunnel_blossom, minmay_snake_entry_guardpost_small,
          portal_ice_cave_entry_ice_beasts, serial_bayou_shore_b, uniq_harold,
          uniq_nergalle, uniq_urug
Lair:5:   basic_altar
Lair:6:   gammafunk_lair_ancient_temple, slime_altar_1, serial_bayou_shore_a,
          lemuel_fruit_tree
Swamp:1:  nicolae_swamp_trees_clearing, infiniplex_staircase_pool, uniq_roxanne,
          uniq_donald
Swamp:2:  nicolae_swamp_fairy_circle, st_swamp_ruins_3
Swamp:3:  evilmike_swamp_ruin_house_3, swamp_pool1, nicolae_swamp_godswood
Swamp:4:  swamp_old_school, swamp_pool3, nicolae_swamp_round_clearing,
          uniq_jorgrun
Snake:1:  nicolae_large_snake_swirl
Snake:2:  grunt_megastairs_3, uniq_azrael
Snake:3:  serial_bayou_pond_e, grunt_ministairs_8
Snake:4:  snake_pit, basic_altar, grunt_ministairs_11
Orc:1:    giant_chief_lemuel, nicolae_volcano_entry_vermiform
Orc:2:    st_orc_ogre_mass
Vaults:1: vaults_room_pool, nicolae_vaults_triangles, st_spiral_rooms,
          nicolae_vaults_diagonal_hallway_8, hangedman_vaults_unwind, v_misc_2,
          ontoclasm_vaults_twist, nicolae_vaults_sealed_display,
          nicolae_vaults_windows_and_doors_thing,
          nicolae_vaults_little_squares_6, ontoclasm_vaults_decontamination,
          v_rooms_1, serial_shops, nicolae_shop_crystal
Vaults:2: ontoclasm_vaults_tryst, v_misc_18, vaults_room_octagon,
          nicolae_vaults_puzzle_piece, grunt_vaults_hallway_short,
          vaults_room_pools, ontoclasm_vaults_ring_large, vaults_dpeg_diagonal,
          vaults_room_pools, v_misc_2, nicolae_vaults_rhombus_6,
          vaults_mumra_hex, grunt_vaults_hallway_short, serial_shops,
          shop_statue
Vaults:3: hangedman_vaults_slice, nicolae_vaults_quadrants,
          vaults_standard_mumra_x, blue_anna_dwarven_crypt, vaults_room_pools,
          hangedman_vaults_river_flow, vaults_dpeg_encased_lava,
          vaults_mumra_lcd, vaults_room_pools, nicolae_vaults_little_squares_4,
          v_misc_33, vaults_room_mumra_shop_pool
Vaults:4: nicolae_vaults_ninety_degrees, grunt_vaults_funnel,
          nicolae_vaults_puzzle_piece, ontoclasm_vaults_loading_screen,
          vaults_dpeg_hooks, nicolae_vaults_ring_of_whatevers, v_misc_16,
          vaults_room_door_ring, special_room_vaults,
          nicolae_vaults_network_star, serial_shops,
          nicolae_shop_window_shopping
Depths:1: lightli_too_deep, kennysheep_big_empty_room,
          serial_sigils_hangedman_gnaw, minmay_stone_trees_small,
          minmay_the_grid_2x2, uniq_enchantress
Depths:2: minmay_two_paths, enter_ziggurat_c, hell_entry,
          hangedman_abyss_or_decor_lesser_grid, abandoned_shop,
          minmay_strange_pillars, minmay_shop_star, firewood_loft,
          minmay_staircase_windowed_small, uniq_bai_suzhen, uniq_saint_roka
Depths:3: minmay_swirls_squares, rand_demon_pan_entry_1,
          minmay_misc_feat_nine_boxes, hell_entry, uniq_nikola
Depths:4: minmay_diamond_stairs, abyss_entry, hell_entry, hangedman_glass_teeth,
          kennysheep_small_circle, infiniplex_staircase_pillars_2
Depths:5: grunt_twist_and_shout, hangedman_decor_lopped, hangedman_coc_ice_floe,
          corexii_leaking_fountain, nicolae_sextant, nicolae_transmutations_shop
Zot:1:    bh_zot_levy_curve, grunt_megastairs_1
Zot:2:    hangedman_swamp_dais
Zot:3:    nzn_random_ring, uniq_tiamat
Ossuary:  ossuary_due_mausoleum
Volcano:  volcano_overflow

Table legend:
 A = Turns spent in this place as a percentage of turns spent in the entire game.
 B = Non-inter-level travel turns spent in this place as a percentage of non-inter-level travel turns spent in the entire game.
 C = Inter-level travel turns spent in this place as a percentage of turns spent in this place.
 D = Turns resting spent in this place as a percentage of non-inter-level travel turns spent in this place.
 E = Turns spent auto-exploring this place as a percentage of non-inter-level travel turns spent in this place.
 F = Non-inter-level travel turns spent in this place divided by the number of levels of this place that you've seen.
                   A       B       C       D       E      F
               +-------+-------+-------+-------+-------+----------------------
         Total | 100.0 | 100.0 |   7.2 |  21.3 |  49.2 | 1076.5
       Dungeon |  26.8 |  25.6 |  11.2 |  13.6 |  59.0 | 882.4
          Lair |  12.9 |  12.8 |   7.4 |  17.4 |  57.5 | 1105.5
         Swamp |   7.2 |   7.5 |   3.3 |  26.1 |  47.2 | 973.8
     Snake Pit |   9.4 |   9.8 |   3.8 |  28.6 |  40.0 | 1262.8
  Orcish Mines |   4.5 |   4.2 |  12.6 |  11.6 |  60.1 | 1085.5
        Vaults |  17.7 |  17.5 |   8.2 |  27.4 |  44.0 | 1806.0
        Depths |  12.4 |  12.8 |   4.3 |  20.1 |  51.5 | 1319.6
           Zot |   5.4 |   5.6 |   2.7 |  37.7 |  35.1 | 968.3
         Abyss |   3.1 |   3.4 |   0.0 |  24.1 |   3.3 | 876.0
       Ossuary |   0.3 |   0.3 |   0.0 |   2.3 |  38.2 | 173.0
       Volcano |   0.4 |   0.4 |   0.0 |   0.0 |  58.8 | 226.0
               +-------+-------+-------+-------+-------+----------------------

Table legend:
 A = Kills in this place as a percentage of kills in entire the game.
 B = Kills by you in this place as a percentage of kills by you in the entire game.
 C = Kills by friends in this place as a percentage of kills by friends in the entire game.
 D = Other kills in this place as a percentage of other kills in the entire game.
 E = Experience gained in this place as a percentage of experience gained in the entire game.
 F = Experience gained in this place divided by the number of levels of this place that you have seen.
                   A       B       C       D       E      F
               +-------+-------+-------+-------+-------+----------------------
         Total | 100.0 | 100.0 | 100.0 | 100.0 | 100.0 | 25248.2
       Dungeon |  20.0 |  20.3 |  15.8 |   0.0 |   5.0 | 4063.4
          Lair |  13.1 |  12.8 |  22.4 |   0.0 |   6.2 | 12502.7
         Swamp |   6.6 |   6.7 |   1.3 |  22.2 |   5.7 | 17352.5
     Snake Pit |  10.0 |  10.2 |   1.3 |  33.3 |   9.5 | 28646.8
  Orcish Mines |   6.6 |   5.9 |  26.3 |   0.0 |   3.0 | 18220.0
        Vaults |  19.5 |  19.8 |  10.5 |  11.1 |  28.3 | 68622.2
        Depths |  12.3 |  12.3 |  11.8 |  11.1 |  24.1 | 58295.4
           Zot |   4.2 |   3.9 |  10.5 |  22.2 |  12.6 | 50759.3
         Abyss |   6.4 |   6.6 |   0.0 |   0.0 |   5.5 | 33570.5
       Ossuary |   1.2 |   1.2 |   0.0 |   0.0 |   0.0 | 259.0
       Volcano |   0.2 |   0.2 |   0.0 |   0.0 |   0.1 | 1244.0
               +-------+-------+-------+-------+-------+----------------------
